AoeStats
← tigremaster

Arena

508707699Analyzed
3v3 RM · 8d ago on Sep 23, 2026· 46m 30s· 6 players
Game mode
Random Map
Map size
Normal (6 player)
Population
200
Speed
Normal
Resources
Standard
Victory
Conquest
Starting age
Dark Age
Ending age
Imperial Age
RankedLock teamsTeams togetherTeam positionsShared explorationLock speedFull tech treeHidden civsTurbo modeCheats
Victory
Defeat
🇹🇷 Malians · Türkiye
1249
+11
🇹🇷 Turks · Türkiye
1088
+17
🇹🇷 Britons · Türkiye
982
+22
🇦🇷 Byzantines · Argentina
1286
-22
🇦🇷 Lithuanians · Argentina
1193
-20
🇦🇷 Burgundians · Argentina
878
-8
EtZeL
10:17 Feudal Age
15:11 Castle Age
13:37 Town Watch
13:37 Horse Collar
20:07 Scale Mail Armor
20:26 Double-Bit Axe
21:16 Loom
22:31 Wheelbarrow
23:42 Heavy Plow
24:34 Fletching
25:03 Padded Archer Armor
28:48 Bodkin Arrow
33:53 Imperial Age
31:54 Scale Barding Armor
32:01 Forging
33:23 Chain Barding Armor
33:20 Leather Archer Armor
33:36 Hand Cart
34:36 Iron Casting
33:57 Elite Longbowman
36:14 Conscription
36:32 Bracer
37:45 Ring Archer Armor
38:10 Bow Saw
38:57 Chain Mail Armor
40:18 Plate Mail Armor
40:00 Husbandry
39:21 Light Cavalry
41:07 Yeomen
42:06 Chemistry
41:27 Ballistics
42:42 Pikeman
43:23 Squires
43:08 Arson
43:09 Gambesons
44:58 Blast Furnace
45:11 Plate Barding Armor
44:01 Capped Ram
45:03 Warwolf
ilia topuria
10:37 Feudal Age
15:55 Castle Age
14:13 Double-Bit Axe
18:40 Horse Collar
29:14 Imperial Age
27:05 Bloodlines
27:06 Loom
27:56 Wheelbarrow
27:07 Town Watch
27:36 Bow Saw
27:36 Heavy Plow
28:18 Scale Barding Armor
28:26 Husbandry
28:10 Light Cavalry
29:33 Hand Cart
29:42 Chain Barding Armor
29:51 Heavy Camel Rider
30:49 Squires
31:01 Forging
31:06 Town Patrol
32:01 Farimba
34:42 Crop Rotation
35:52 Iron Casting
36:11 Man-at-Arms
36:37 Arson
36:13 Pikeman
37:10 Scale Mail Armor
37:47 Plate Barding Armor
37:15 Long Swordsman
38:23 Chain Mail Armor
38:47 Guilds
38:02 Two-Handed Swordsman
38:57 Champion
41:20 Plate Mail Armor
42:15 Fletching
43:47 Gold Mining
reconquista.ad
9:16 Feudal Age
14:53 Castle Age
13:55 Double-Bit Axe
27:34 Imperial Age
25:36 Bow Saw
30:12 Padded Archer Armor
33:50 Fletching
34:15 Horse Collar
36:37 Ballistics
37:13 Leather Archer Armor
38:39 Ring Archer Armor
41:01 Bodkin Arrow
42:06 Bracer
43:46 Conscription
44:23 Thumb Ring
45:33 Scale Barding Armor
Mauro
10:43 Feudal Age
12:35 Horse Collar
15:47 Castle Age
15:59 Double-Bit Axe
17:03 Heavy Plow
17:05 Loom
23:37 Wheelbarrow
25:53 Hand Cart
28:16 Imperial Age
25:53 Gold Mining
25:54 Stone Mining
26:49 Scale Barding Armor
26:56 Forging
27:34 Husbandry
27:59 Chain Barding Armor
27:55 Bow Saw
28:57 Iron Casting
28:26 Stone Mining
29:38 Crop Rotation
30:10 Two-Man Saw
28:52 Cavalier
30:41 Stone Shaft Mining
33:28 Plate Barding Armor
33:50 Scale Mail Armor
33:19 Heavy Camel Rider
33:34 Elite Varangian Guard
34:16 Squires
36:37 Chain Mail Armor
37:02 Gold Shaft Mining
40:31 Conscription
42:05 Fletching
42:46 Plate Mail Armor
44:39 Bodkin Arrow
Loco-Pro
11:06 Feudal Age
11:39 Double-Bit Axe
11:46 Horse Collar
13:06 Loom
14:09 Bow Saw
19:13 Castle Age
17:33 Fletching
18:05 Padded Archer Armor
24:14 Elite Skirmisher
26:57 Wheelbarrow
26:36 Heavy Plow
26:13 Light Cavalry
33:08 Imperial Age
31:57 Hand Cart
32:14 Cavalier
38:43 Pikeman
39:24 Squires
42:26 Paladin
tigremaster
9:23 Feudal Age
10:43 Double-Bit Axe
16:23 Castle Age
15:16 Horse Collar
16:09 Gold Mining
17:31 Town Watch
18:31 Loom
20:52 Heavy Plow
24:10 Wheelbarrow
24:14 Stone Mining
27:40 Hand Cart
31:08 Imperial Age
28:56 Fletching
29:22 Forging
29:33 Hill Forts
29:46 Scale Barding Armor
32:04 Chain Barding Armor
31:53 Onager
32:42 Town Patrol
33:22 Bow Saw
32:57 Elite Leitis
35:50 Crop Rotation
38:06 Hoardings
37:47 Murder Holes
38:54 Chemistry
41:14 Cavalier
Connection lost

Rejoining the realm…

Still unreachable

The connection could not be restored.

Session expired

The server has moved on; the page needs a fresh start.